Cogmind - Beta 13 @@@ ROGUE MODE // 2024.05.04 @ 16:29:12 Player: Bace Troncons Result: Destroyed by as-91929 with Assembled Blade Performance ------------- Evolutions (0) 0 Regions Visited (4) 800 Robots Destroyed (38) 190 Value Destroyed (793) 793 Prototype IDs (23) 460 Alien Tech Used (0) 0 Bonus (300) 300 TOTAL SCORE: 2543 Bonus ------- Aligned with FarCom 300 Cogmind --------- Core Integrity 0/250 Matter 229/300 Energy 125/125 System Corruption 0% Temperature Cool (6) Movement Walking (90) Location -9/Mines Parts ------- > --- POWER (1) -------- Light Ion Engine > --- PROPULSION (2) --- Potential Leg Potential Leg > --- UTILITY (2) ------ Large Storage Unit Light Armor Plating > --- WEAPON (2) ------- Light Assault Rifle Light Assault Rifle > --- INVENTORY (15) --- Light Ion Engine Light Ion Engine Light Treads Aluminum Leg High-capacity Matter Pod (143) Visual Processing Unit Signal Interpreter Terrain Scanner Hacking Suite Authchip [Propulsion] Small Laser Light Assault Rifle Light Assault Rifle Grenade Launcher Mining Claw Peak State ------------ > --- POWER ------------ Light Ion Engine > --- PROPULSION ------- Potential Leg Potential Leg > --- UTILITY ---------- Large Storage Unit High-capacity Matter Pod > --- WEAPON ----------- Light Assault Rifle Grenade Launcher > --- INVENTORY -------- Light Ion Engine Light Ion Engine Light Treads Aluminum Leg Aluminum Leg Visual Processing Unit Signal Interpreter Terrain Scanner Hacking Suite Authchip [Propulsion] Small Laser Light Assault Rifle Light Assault Rifle Light Assault Rifle [Rating: 27] Favorites ----------- Power Light Ion Engine Engine Light Ion Engine Propulsion Light Treads Treads Light Treads Leg Aluminum Leg Utility Large Storage Unit Device Sensor Array Storage Large Storage Unit Protection Backup Plating I Weapon Light Assault Rifle Energy Gun Small Laser Ballistic Gun Light Assault Rifle Launcher Grenade Launcher Slashing Weapon Mining Claw Build | -11 -10 -10 -10 -9 ------- Run | Yrd Mat Min Exi Min Slots Evolved . | . . . . . Power . | . . . . . Propulsion . | . . . . . Utility . | . . . . . Weapon . | . . . . . Parts Attached 35 | 6 10 9 3 7 Power 2 | 1 . 1 . . Engine 2 | 1 . 1 . . Core . | . . . . . Reactor . | . . . . . Propulsion 8 | 2 1 3 2 . Treads 4 | 2 1 1 . . Leg 4 | . . 2 2 . Wheel . | . . . . . Hover . | . . . . . Flight . | . . . . . Utility 7 | 1 4 . 1 1 Device 1 | . 1 . . . Storage 4 | 1 2 . 1 . Processor . | . . . . . Hackware . | . . . . . Protection 2 | . 1 . . 1 Artifact . | . . . . . Weapon 18 | 2 5 5 . 6 Energy Gun 1 | 1 . . . . Energy Cannon . | . . . . . Ballistic Gun 10 | 1 3 3 . 3 Ballistic Cannon . | . . . . . Launcher 6 | . 2 2 . 2 Special Weapon . | . . . . . Impact Weapon . | . . . . . Slashing Weapon 1 | . . . . 1 Piercing Weapon . | . . . . . Special Melee Weapon . | . . . . . Unidentified Prototypes . | . . . . . Parts Lost 6 | . 1 5 . . Power 1 | . . 1 . . Propulsion 2 | . . 2 . . Utility 2 | . 1 1 . . Weapon 1 | . . 1 . . Highest Loss Streak 4 | . 1 4 . . To Critical Strikes . | . . . . . Average Slot Usage (%) 93 | . 98 80 88 100 Engine 13 | . 14 11 14 14 Treads 16 | . 28 8 . . Leg 10 | . . 14 28 28 Device 4 | . 9 . . . Storage 15 | . 14 14 17 18 Protection 3 | . 3 4 . 9 Ballistic Gun 27 | . 27 27 28 24 Naked Turns . | . . . . . Heaviest Build 31 | 11 27 27 29 31 Greatest Support 60 | 40 40 40 60 60 Greatest Overweight (x) 2 | . . 2 1 . Average Overweight (x) . | . . . . . Largest Inventory Capacity 15 | 8 15 15 15 15 Average Capacity 13 | 7 11 15 15 15 Most Carried 15 | 4 10 10 11 15 Average Carried 9 | 2 9 9 9 14 Final Capacity 15 | 8 15 15 15 15 Final Carried 15 | 4 10 9 11 15 Class Distribution -------------------- 79% | Mutant 20% | Scavenger-Mutant Dominant Class ---------------- Mutant | -10/Materials Scavenger-Mutant | -10/Mines Scavenger-Mutant | -10/Exiles Mutant | -9/Mines Resources | -11 -10 -10 -10 -9 ----------- Run | Yrd Mat Min Exi Min Matter Collected 915 | 247 224 349 78 17 Remotely . | . . . . . Salvage Created 854 | . 516 326 . 12 Parts 69 | . 53 14 . 2 Haulers Intercepted 2 | . 2 . . . Recyclers Shooed . | . . . . . Parts Field Recycled . | . . . . . Retrieved Matter . | . . . . . Parts Self-Destructed . | . . . . . Prevented . | . . . . . Kills | -11 -10 -10 -10 -9 ------- Run | Yrd Mat Min Exi Min Combat Hostiles Destroyed 30 | . 16 9 . 5 Guns 21 | . 13 7 . 1 AOE 9 | . 3 2 . 4 Classes Destroyed 9 | . 7 1 . 1 Worker 1 | . 1 . . . Tunneler 1 | . 1 . . . Hauler 2 | . 2 . . . Recycler 1 | . . 1 . . Operator 2 | . 2 . . . Watcher 2 | . 2 . . . Swarmer 16 | . 9 3 . 4 Grunt 13 | . 7 6 . . Assembled 1 | . . . . 1 Best Kill Streak 6 | . 6 4 . 4 Combat Bots Only 4 | . 3 4 . 4 Max Kills in Single Turn 2 | . 2 1 . 2 Gunslinging . | . . . . . Exploded 1 | . 1 1 . 1 Melee . | . . . . . Uniques/NPCs Destroyed . | . . . . . Combat | -11 -10 -10 -10 -9 -------- Run | Yrd Mat Min Exi Min Hostile Shots Fired 140 | . 64 60 . 16 Missed 39 | . 16 14 . 9 Damage Taken 1138 | . 453 527 . 158 Core 255 | . 75 106 . 74 Absorbed by Shields . | . . . . . Core Remaining (%) 100 | 100 . . . . Volleys Fired 104 | . 56 36 . 12 Largest 2 | . 2 2 . 2 Hottest 50 | . 50 50 . 50 Shots Fired 205 | . 112 72 . 21 Gun 187 | . 105 67 . 15 Cannon . | . . . . . Launcher 18 | . 7 5 . 6 Special . | . . . . . Kinetic 187 | . 105 67 . 15 Thermal . | . . . . . Explosive 18 | . 7 5 . 6 Electromagnetic . | . . . . . Robot Hit Streak 12 | . 12 8 . 11 Robot Miss Streak 3 | . 3 3 . 2 Penetration Max . | . . . . . Secondary Targets 5 | . 3 2 . . Max Gunslinging Chain 1 | . 1 1 . . Shots Hit Robots 107 | . 54 43 . 10 Core Hits 65 | . 36 22 . 7 Critical Kills 1 | . 1 . . . Critical Parts Destroyed . | . . . . . Critical Strikes 1 | . 1 . . . Destroy 1 | . 1 . . . Melee Attacks . | . . . . . Impact . | . . . . . Slashing . | . . . . . Piercing . | . . . . . Sneak Attacks . | . . . . . Combat Hostiles . | . . . . . Follow-up Attacks . | . . . . . Damage Inflicted 2093 | . 1125 587 . 381 Guns 1061 | . 606 393 . 62 Cannons . | . . . . . Explosions 1032 | . 519 194 . 319 Melee . | . . . . . Ramming . | . . . . . Kinetic 1061 | . 606 393 . 62 Thermal . | . . . . . Explosive 1030 | . 517 194 . 319 Electromagnetic 2 | . 2 . . . Impact . | . . . . . Slashing . | . . . . . Piercing . | . . . . . Highest Corruption . | . . . . . Average Corruption . | . . . . . Corruption Purged . | . . . . . Corruption Blocked . | . . . . . Overload Shots . | . . . . . Overflow Damage 36 | . . . . 36 Projectiles . | . . . . . Explosions 36 | . . . . 36 Melee . | . . . . . Knockbacks . | . . . . . Impact . | . . . . . Kinetic . | . . . . . Secondary . | . . . . . Self-Inflicted Damage 28 | . . 20 . 8 Shots 2 | . . 1 . 1 Rammed . | . . . . . Targets Rammed . | . . . . . Kicked . | . . . . . Crushed . | . . . . . Highest Temperature 44 | . 42 44 . 16 Average Temperature 11 | . 11 13 . 7 Received Heat Transfer 297 | . 126 171 . . Siege Activations . | . . . . . Robots Corrupted . | . . . . . Combat Hostiles . | . . . . . Parts Fried . | . . . . . Impact Corruptions . | . . . . . Robots Melted . | . . . . . Combat Hostiles . | . . . . . Parts Melted . | . . . . . Heat Transferred . | . . . . . Parts Sabotaged . | . . . . . Parts Stolen . | . . . . . Parts Stripped . | . . . . . Power Chain Reactions . | . . . . . Alert | -11 -10 -10 -10 -9 ------- Run | Yrd Mat Min Exi Min Peak Influence 339 | . 316 339 . 121 Initial 123 | . . 123 . . Average 159 | . 151 237 . 96 Maximum Alert Level 1 | . 1 1 . . Low Security (%) 68 | 100 70 44 . 100 Level 1 31 | . 29 55 . . Level 2 . | . . . . . Level 3 . | . . . . . Level 4 . | . . . . . Level 5 . | . . . . . High Security . | . . . . . Max Security . | . . . . . Squads Dispatched 3 | . 3 . . . Investigation 1 | . 1 . . . Extermination . | . . . . . Reinforcement 2 | . 2 . . . Assault . | . . . . . Garrison . | . . . . . Intercept . | . . . . . Searches Triggered . | . . . . . Construction Impeded . | . . . . . Haulers Reinforced . | . . . . . Active Scanning Responses . | . . . . . Cargo Convoy Interrupts . | . . . . . Stealth | -11 -10 -10 -10 -9 --------- Run | Yrd Mat Min Exi Min Distress Signals 2 | . 1 . . 1 Communications Jammed . | . . . . . Distress Signals . | . . . . . Times Spotted 39 | . 26 9 . 4 Peak Tracking Total 5 | . 5 3 . 3 Tactical Retreats 2 | . 2 . . . Traps | -11 -10 -10 -10 -9 ------- Run | Yrd Mat Min Exi Min Traps Triggered 1 | . 1 . . . Indirectly 1 | . 1 . . . Trap Hack Attempts . | . . . . . Triggered . | . . . . . Disarmed . | . . . . . Reprogrammed . | . . . . . Reused . | . . . . . Traps Extracted . | . . . . . Installed . | . . . . . Triggered . | . . . . . Machines | -11 -10 -10 -10 -9 ---------- Run | Yrd Mat Min Exi Min Machines Disabled 7 | . 7 . . . Max in Single Turn 4 | . 4 . . . Machines Repaired . | . . . . . Machines Dismantled . | . . . . . Machines Sabotaged . | . . . . . Overloaded Fab Kills . | . . . . . Hacking | -11 -10 -10 -10 -9 --------- Run | Yrd Mat Min Exi Min Machines Accessed 8 | . 6 1 1 . Terminals 6 | . 5 1 . . Fabricators . | . . . . . Repair Stations . | . . . . . Recycling Units 1 | . 1 . . . Scanalyzers . | . . . . . Garrison Access . | . . . . . Total Hacks 14 | . 12 1 1 . Successful 4 | . 3 . 1 . Failed 10 | . 9 1 . . Catastrophic 2 | . 1 1 . . Database Lockouts . | . . . . . Manual 7 | . 6 . 1 . Terminals 11 | . 10 1 . . Fabricators . | . . . . . Repair Stations . | . . . . . Recycling Units 2 | . 2 . . . Scanalyzers . | . . . . . Garrison Access . | . . . . . Terminal Hacks 4 | . 3 . 1 . Alert Level 1 | . 1 . . . Locate Traps 1 | . 1 . . . Hauler Manifests 1 | . 1 . . . Derelict Proto ID Bank 1 | . . . 1 . Fabricator Hacks . | . . . . . Repair Station Hacks . | . . . . . Recycling Unit Hacks . | . . . . . Scanalyzer . | . . . . . Garrison Access Hacks . | . . . . . Unauthorized Hacks . | . . . . . Terminals . | . . . . . Fabricators . | . . . . . Repair Stations . | . . . . . Recycling Units . | . . . . . Scanalyzers . | . . . . . Garrison Access . | . . . . . Data Cores Recovered . | . . . . . Used . | . . . . . Hacking Detections 7 | . 6 1 . . Full Trace Events . | . . . . . Feedback Events . | . . . . . Feedback Blocked . | . . . . . Robot Schematics Acquired . | . . . . . Robots Built . | . . . . . Authchips . | . . . . . Time . | . . . . . Total Robot Build Rating . | . . . . . Part Schematics Acquired . | . . . . . Parts Built . | . . . . . Authchips . | . . . . . Time . | . . . . . Total Part Build Rating . | . . . . . Parts Repaired . | . . . . . Time . | . . . . . Parts Recycled . | . . . . . Recycled Matter . | . . . . . Retrieved Matter . | . . . . . Retrieved Components . | . . . . . Parts Scanalyzed . | . . . . . Part Schematics Acquired . | . . . . . Parts Damaged . | . . . . . Bothacking | -11 -10 -10 -10 -9 ------------ Run | Yrd Mat Min Exi Min Used RIF Installer . | . . . . . Robots Hacked . | . . . . . Non-combat . | . . . . . Combat . | . . . . . Robot Hacks Applied . | . . . . . Relay Couplers Released . | . . . . . Fabnet Peak Effective % . | . . . . . Robots Rewired . | . . . . . Allies Hacked . | . . . . . Hacks Repelled . | . . . . . Allies | -11 -10 -10 -10 -9 -------- Run | Yrd Mat Min Exi Min Total Allies . | . . . . . Largest Group . | . . . . . Highest-Rated Group . | . . . . . Highest-Rated Ally . | . . . . . Total Orders . | . . . . . Ally Attacks . | . . . . . Total Damage . | . . . . . Kills . | . . . . . Allies Corrupted . | . . . . . Allies Melted . | . . . . . Intel | -11 -10 -10 -10 -9 ------- Run | Yrd Mat Min Exi Min Robot Analysis Total . | . . . . . Derelict Logs Recovered . | . . . . . Drone Launches . | . . . . . Drone Recoveries . | . . . . . Exploration | -11 -10 -10 -10 -9 ------------- Run | Yrd Mat Min Exi Min Turns Passed 2354 | 73 1171 459 422 229 Spaces Moved 1270 | 39 568 158 332 173 Core 3 | 3 . . . . Treads 653 | 36 568 49 . . Legs 614 | . . 109 332 173 Wheels . | . . . . . Hover . | . . . . . Flight . | . . . . . Fastest Speed 50 | 50 160 160 90 90 Average Speed 146 | 151 160 204 125 90 Slowest Speed 260 | 160 160 260 190 90 Overloaded Moves . | . . . . . Propulsion Burnouts . | . . . . . Robots Hopped . | . . . . . Cave-ins Triggered . | . . . . . Exploration Rate (%) 46 | 4 88 34 71 35 Regions Visited 4 Branch Regions 3 Pre-discovered Areas . | . . . . . Known Exits Taken . | . . . . . Unknown Exits Taken 4 | 1 1 1 1 . Scrap Searched 4 | . . 2 . 2 Spaces Dug 3 | . 3 . . . Terrain Destroyed 107 | . 34 30 . 43 Melee . | . . . . . Projectile . | . . . . . AOE 107 | . 34 30 . 43 Terrain Rammed . | . . . . . Walls Destroyed . | . . . . . Machines Disabled . | . . . . . Actions | -11 -10 -10 -10 -9 --------- Run | Yrd Mat Min Exi Min Total 1569 | 50 729 230 334 226 Wait 141 | 2 83 27 . 29 Move 1266 | 38 567 157 331 173 Hop . | . . . . . Pick Up 15 | 4 8 . . 3 Fast Attach 13 | 6 2 3 1 1 Attach 2 | . . 2 . . Detach 2 | . . 1 . 1 Swap 20 | . 8 4 2 6 Drop 6 | . 5 . . 1 Fire 104 | . 56 36 . 12 Melee . | . . . . . Ram . | . . . . . Kick . | . . . . . Crush . | . . . . . Escape Stasis . | . . . . . Rewire . | . . . . . Trap . | . . . . . Miscellaneous . | . . . . . Route ------- -11/Scrapyard -10/Materials (discovered 4 exits: [*Mat x2] / *Min x2) -10/Mines (discovered 2 exits: [*Mat] / *Exi) -10/Exiles -9/Mines History --------- Turn | Location | Event 16 | -11/Scrapyard | Discovered new exit (range 14) 74 | -11/Scrapyard | Entered Materials 311 | -10/Materials | Build established: Mutant 494 | -10/Materials | Discovered new exit (range 12) 740 | -10/Materials | Discovered new exit (range 11) 778 | -10/Materials | Discovered new exit (range 14) 949 | -10/Materials | Discovered new exit (range 15) 1245 | -10/Materials | Entered Mines 1408 | -10/Mines | Core integrity fell below 50% 1437 | -10/Mines | Lost 4 parts (1p1n1u1w) 1517 | -10/Mines | Discovered new exit (range 13) 1695 | -10/Mines | Deemed a non-threat by the Exiles lab entrance 1697 | -10/Mines | Discovered new exit (range 5) 1704 | -10/Mines | Entered Exiles 1750 | -10/Exiles | Met 8R-AWN 1777 | -10/Exiles | Build established: Scavenger-Mutant 1784 | -10/Exiles | Met EX-HEX 1839 | -10/Exiles | Met EX-BIN 1862 | -10/Exiles | Aligned with FarCom system 1864 | -10/Exiles | Given EX-Vault access code 1917 | -10/Exiles | Opened EX-Vault 1931 | -10/Exiles | Found Potential Leg 1933 | -10/Exiles | Found Potential Leg 1954 | -10/Exiles | Warned to stay clear of 0b10 Research branches 1979 | -10/Exiles | Met EX-DEC 2118 | -10/Exiles | Discovered new exit (range 10) 2126 | -10/Exiles | Left Exiles lab with Potential Leg 2126 | -10/Exiles | Entered Mines 2176 | -9/Mines | Assembled infested the area 2235 | -9/Mines | Build established: Mutant 2344 | -9/Mines | Core integrity fell below 20% 2355 | -9/Mines | Destroyed by as-91929 with Assembled Blade Last Messages --------------- 02163_ S-10 Pest destroyed. 02165_ The unstable cave ceiling collapses. 02173_ Acquired 2 matter. 02176_ ALERT: Infestation in the mines, dispatching Demolisher response squad. 02176_ Acquired Lgt. Assault Rifle. 02191_ Searching scrap... 02191_ Found Lgt. Assault Rifle. 02191_ Found 15 Matter. 02192_ Acquired 15 matter. 02204_ K-01 Serf collects debris. 02208_ Acquired Lgt. Armor Plating. 02210_ K-01 Serf collects debris. 02214_ Dropped Aluminum Leg. 02214_ K-01 Serf collects debris. 02215_ Acquired Mining Claw. 02218_ K-01 Serf collects debris. 02331_ as-36277 destroyed. 02349_ R-06 Scavenger collects Lgt. Deuterium Engine. Map ----- +----------------------------------------------------+ | ???????????## ### ]#??# #### | | ??????????## ##?######## ##??# # | | ??????????# ##???????## ##???### | | ??????????# ##??#######= ! #??????# | | ??????????## ## = ##??????## # | | ???????????# #???######## #????????# | | ???????????# ##?????????### ##????????# = | | ??????????## ##?????????? ### ##?????????## | | ?????????## ##???????????%#?# #??????????# | | ?????????# ##???????????=#?# ??????????#### | | ????????## #???????????%######????????????##### | | ????##### #?????###?##= ##???????????????????? | | ???## #?????# ? #???????????????????? | | ???# ##?????# #?# ##??????????????????? | | ???# ##??????# ### ##?????????????????? | | ???## ######### ## #?????????????????? | | ????# # ## #??????????????? | | ????# # #??????????????? | | ????## ## ### #### #####??????????????? | | ?????### ## #?# #??# ###??????????????????? | | ???????## # ### #??## ##????????????????????? | | ????????# ##??## #??????????#??????????? | | ????????# #???# #?????? r =#??????????? | | ????????## ## #???# #### |!% ##??????????? | | ?????????######## ##???# a =* ]!=#??????????? | | ????????????????####????#@ %! ???????? | | ????????????????????????####### *|! ???????? | | ????????????????????????????????? =%= ????????? | | ??????????????????????????????????? !##????????? | | ????????????????????????????????????? ##?????????? | | ?????????????????????????????????????????????????? | | ?????????????????????????????????????????????????? | | ?????????????????????????????????????????????????? | | ?????????????????????????????????????????????????? | | ?????????????????????????????????????????????????? | | ?????????????????????????????????????????????????? | | ?????????????????????????????????????????????????? | | ?????????????????????????????????????????????????? | | ?????????????????????????????????????????????????? | | ?????????????????????????????????????????????????? | | ?????????????????????????????????????????????????? | | ?????????????????????????????????????????????????? | | ?????????????????????????????????????????????????? | | ?????????????????????????????????????????????????? | | ?????????????????????????????????????????????????? | | ?????????????????????????????????????????????????? | | ?????????????????????????????????????????????????? | | ?????????????????????????????????????????????????? | | ?????????????????????????????????????????????????? | | ?????????????????????????????????????????????????? | +----------------------------------------------------+ Best States ------------- Heat Dissipation 25 Energy Generation 10 Energy Capacity 125 Matter Stores 500 Matter Capacity 500 Sight Range 16 Robot Scan Range 14 Terrain Scan Density 10 Armor Coverage 150 Evasion (%) 57 Recoil Reduction 2 Authchip Count 1 Item Schematics ----------------- None Robot Schematics ------------------ None Fabricated ------------ Nothing Alien Tech Used ----------------- None Achievements -------------- None Challenges ------------ None Game ------ Seed ConstructTerrainFragment Manual? 0 Play Time 00:19:06 Cumulative 54.4 hours Start 2024.05.04 @ 16:12:30 End 2024.05.04 @ 16:29:12 Sessions 1 Manual Loads 0 Difficulty Rogue Special Mode None Game No. 84 Rogue 84 Adventurer 0 Explorer 0 Win Type - Total 0 Types 0/0/0/0/0/0/0/0/0 Lore% 27 Gallery% 35 Achievement% 27 Wizard Run 0 Options --------- Layout 1 ASCII 0 Keyboard 1 Movement Numpad Keybinds 0 Fullscreen 1 Font 24/Smallcaps Map View 50x35 Zoom Use 0% Tactical HUD 1 Map Filters NONE Filters NONE Steam 1 RUN: c0096828-fa36-43f1-ad71-d7102b10b63f